 Dungeon Crawl Stone Soup version 0.17.0-28-g6e173f8 (webtiles) character file.

900 gorblad the Skirmisher (level 7, -5/83 HPs)
             Began as a Troll Chaos Knight on Dec 1, 2015.
             Slain by a sixfirhy (9 damage)
             ... summoned by Xom
             ... on level 7 of the Dungeon.
             The game lasted 00:14:05 (4559 turns).

gorblad the Skirmisher (Troll Chaos Knight)         Turns: 4559, Time: 00:14:07

Health: -5/83      AC:  7    Str: 22      XL:     7   Next: 79%
Magic:  6/6        EV: 10    Int:  6 (8)  God:    Xom [......]
Gold:   542        SH:  0    Dex:  9 (10) Spells: 0 memorised, 6 levels left

rFire  . . .     SeeInvis .       - Unarmed
rCold  + . .     Clarity  +     a - +2 robe
rNeg   . . .     SustAt   .     (no shield)
rPois  +         Gourm    +     (helmet restricted)
rElec  .         Spirit   .     (no cloak)
rCorr  .         Warding  .     (gloves unavailable)
rMut   .         Stasis   .     (boots unavailable)
MR     +....                    q - amulet of clarity
Stlth  +++.......               (no ring)
                                (no ring)

@: especially stealthy, somewhat resistant to hostile enchantments, fairly
stealthy
A: unfitting armour, claws 3, cold resistance 1, deterioration 2, fast
metabolism 3, gourmand, magic resistance 1, poison resistance, regeneration 2,
robust 1, shaggy fur 1, tough skin 2, MP-powered wands
a: Renounce Religion


You were on level 7 of the Dungeon.
You worshipped Xom.
You were a very special plaything of Xom.
You were full.

You visited 1 branch of the dungeon, and saw 6 of its levels.

You collected 574 gold pieces.
You spent 32 gold pieces at shops.

Inventory:

Armour
 a - a +2 robe (worn)
Jewellery
 q - an amulet of clarity (around neck)
 r - an uncursed amulet of resist mutation
 s - a cursed ring of loudness {unknown}
Scrolls
 c - 6 scrolls of teleportation
 k - a scroll of recharging
 l - a scroll of blinking {unknown}
 n - a scroll of magic mapping {unknown}
 p - 3 scrolls of remove curse
 t - a scroll of vulnerability {unknown}
 v - a scroll of enchant weapon {unknown}
Potions
 e - a potion of poison {unknown}
 g - 2 potions of ambrosia
 h - a potion of might
 u - a potion of brilliance {unknown}
 w - a potion of magic {unknown}
Miscellaneous
 d - a plain deck of defence {drawn: 1}
Comestibles
 b - 5 bread rations
 f - 2 royal jellies
 i - a meat ration
 m - 3 fruits
 o - 2 beef jerkies


   Skills:
 * Level 6.6 Fighting
 - Level 2.0 Dodging
 + Level 5.8 Unarmed Combat


You had 6 spell levels left.
You didn't know any spells.

Dungeon Overview and Level Annotations

Branches:
Dungeon (7/15)             Temple (0/1) D:4

Altars:
Fedhas
Makhleb
Nemelex Xobeh
Ru

Shops:
D:4 **


Innate Abilities, Weirdness & Mutations

You are too large for most types of armour.
You have claws for hands.
Your metabolism is lightning-fast.
You like to eat raw meat.
You heal very quickly.
You are covered in fur (AC +1).
You have very tough skin (AC +2).
Your flesh is cold resistant.
Your body often deteriorates upon taking damage.
You are resistant to hostile enchantments.
Your system is resistant to poisons.
You are robust (+10% HP).
You expend magic power (3 MP) to strengthen your wands.


Message History

You closely miss the sixfirhy.
The sixfirhy is moderately wounded.
The sixfirhy closely misses you. The sixfirhy hits you!
* * * LOW HITPOINT WARNING * * *
The sixfirhy shocks you!
* * * LOW HITPOINT WARNING * * *
The orc wizard hits you with a dagger.
* * * LOW HITPOINT WARNING * * *
The sixfirhy completely misses you.
The shadow imp hits you but does no damage.
Drink which item? (? for menu, Esc to quit)
You feel better. The sixfirhy barely misses you. The sixfirhy hits you.
* * * LOW HITPOINT WARNING * * *
The sixfirhy shocks you!
* * * LOW HITPOINT WARNING * * *
Your body deteriorates!
You feel dopey.
The sixfirhy hits you but does no damage.
The sixfirhy hits you!
You die...
Xom chortles!

#..## ...# #..# # ..#
####> #.# .....##.######
#####>$.......#
......#45(...<##########
###)o5@o...............
#...o####...#.##.......
...).. #...#..#.......
##... #...##.#.......
#... #...# .#....... #..
#...# ..###.### #####
#.# .# .# .# #.


You could see a sixfirhy, an iron imp, 2 orc wizards, a shadow imp and an orc.

Vanquished Creatures
  Sigmund (D:5)
  A hog (D:5)
  A porcupine (D:7)
  A phantom (D:5)
  A centaur zombie (D:5)
  A giant frog skeleton (D:5)
  2 orc wizards
  2 worker ants
  A gnoll (D:1)
  9 adders
  An adder skeleton (D:4)
  A worm (D:3)
  5 giant geckos
  8 orcs
  2 giant cockroaches (D:3)
  6 hobgoblins
  6 jackals
  A quokka (D:2)
  A ball python skeleton (D:4)
  5 bats
  4 giant newts
  6 goblins
  3 kobolds
  2 quokka skeletons
  9 rats
80 creatures vanquished.

Vanquished Creatures (collateral kills)
  An ogre (D:4)
  A centaur (D:4)
  An adder skeleton (D:4)
  A quokka (D:4)
4 creatures vanquished.

Grand Total: 84 creatures vanquished

Notes
Turn   | Place    | Note
--------------------------------------------------------------
     0 | D:1      | gorblad the Troll Chaos Knight began the quest for the Orb.
     0 | D:1      | Reached XP level 1. HP: 22/22 MP: 0/0
   164 | D:1      | Reached XP level 2. HP: 29/29 MP: 1/1
   326 | D:1      | XOM: divination: detect items
   362 | D:1      | XOM: silly message
   593 | D:1      | Reached XP level 3. HP: 34/37 MP: 2/2
   868 | D:2      | XOM: divination: detect items
  1267 | D:2      | Reached XP level 4. HP: 45/45 MP: 3/3
  1317 | D:2      | Found a blossoming altar of Fedhas.
  2013 | D:3      | Reached skill level 4 in Fighting
  2072 | D:3      | Found a burning altar of Makhleb.
  2130 | D:3      | XOM: divination: detect items
  2178 | D:3      | Found a sacrificial altar of Ru.
  2365 | D:3      | XOM: give mutations
  2365 | D:3      | Gained mutation: You are clumsy. (Dex -2) [Xom's mischief]
  2365 | D:3      | Gained mutation: Your mind is acute. (Int +2) [Xom's mischief]
  2365 | D:3      | Gained mutation: Your body sometimes deteriorates upon taking damage. [Xom's mischief]
  2409 | D:4      | XOM is BORED!
  2409 | D:4      | XOM: give mutations
  2409 | D:4      | Gained mutation: Your system is resistant to poisons. [Xom's mischief]
  2409 | D:4      | Gained mutation: Your body often deteriorates upon taking damage. [Xom's mischief]
  2409 | D:4      | Gained mutation: Your flesh is cold resistant. [Xom's mischief]
  2409 | D:4      | Lost mutation: Your mind is acute. (Int +2) [Xom's mischief]
  2436 | D:4      | XOM: god gift: scroll of noise
  2483 | D:4      | Reached XP level 5. HP: 54/54 MP: 4/4
  3188 | D:4      | Found a staircase to the Ecumenical Temple.
  3223 | D:4      | Gained mutation: You expend magic power (3 MP) to strengthen your wands. [potion of mutation]
  3223 | D:4      | Lost mutation: You are clumsy. (Dex -2) [potion of mutation]
  3223 | D:4      | Gained mutation: You are robust (+10% HP). [potion of mutation]
  3236 | D:4      | XOM: vitrification
  3270 | D:4      | Found Aquwkax's General Store.
  3341 | D:4      | Noticed an ogre
  3342 | D:4      | XOM: confuse monster(s)
  3347 | D:4      | Killed an ogre
  3371 | D:4      | Found Siseih's Food Shop.
  3411 | D:4      | Noticed a centaur
  3419 | D:4      | Killed a centaur
  3419 | D:4      | Reached skill level 5 in Fighting
  3419 | D:4      | Reached XP level 6. HP: 34/72 MP: 5/5
  3428 | D:4      | XOM: god gift: 330 gold pieces
  3600 | D:4      | Found Sumuis's General Store.
  3605 | D:4      | Bought a potion of mutation for 32 gold pieces
  3605 | D:4      | Gained mutation: You are resistant to hostile enchantments. [potion of mutation]
  3691 | D:5      | Entered Level 5 of the Dungeon
  3698 | D:5      | XOM: fog
  3703 | D:5      | XOM: confuse monster(s)
  3840 | D:5      | XOM: fog
  3982 | D:5      | Noticed a hog
  3982 | D:5      | an ice beast changed into a hog
  3982 | D:5      | XOM: polymorph ice beast -> hog
  3987 | D:5      | XOM: harmless Summ miscast
  3989 | D:5      | Killed a hog
  3989 | D:5      | Reached skill level 5 in Unarmed Combat
  3989 | D:5      | Reached XP level 7. HP: 51/81 MP: 6/6
  4165 | D:5      | Found a sparkling altar of Nemelex Xobeh.
  4167 | D:5      | XOM: mild Erth miscast
  4174 | D:5      | Reached skill level 6 in Fighting
  4326 | D:5      | Noticed Sigmund
  4330 | D:5      | XOM: medium Pois miscast
  4332 | D:5      | Killed Sigmund
  4431 | D:5      | XOM: noise
  4524 | D:5      | You fall through a shaft for 2 floors!
  4524 | D:7      | XOM: stealth player
  4536 | D:7      | XOM: polymorph orc wizard -> porcupine
  4546 | D:7      | XOM: repel stairs
  4553 | D:7      | XOM: chaos upgrade
  4554 | D:7      | XOM: summons 3 hostile demons
  4555 | D:7      | Noticed a sixfirhy
  4559 | D:7      | HP: 4/83 [sixfirhy[Xom] (9)]
  4559 | D:7      | Slain by a sixfirhy

Action                   |  1- 3 |  4- 6 |  7- 9 || total
-------------------------+-------+-------+-------++-------
Melee: Unarmed           |    90 |   169 |    38 ||   297
Evoke: Deck              |       |       |     1 ||     1
  Use: Scroll            |     3 |     6 |     1 ||    10
       Potion            |       |     5 |     1 ||     6
 Stab: Sleeping          |     1 |     1 |       ||     2
       Confused          |       |     1 |       ||     1
  Eat: Chunk             |    17 |    25 |     2 ||    44
